AoeStats
← | ArCas | Toruk Makto

Oasis

508989077Analyzed
4v4 RM · 6d ago on Sep 25, 2026· 28m 14s· 8 players
Game mode
Random Map
Map size
Large (8 player)
Population
200
Speed
Normal
Resources
Standard
Victory
Conquest
Starting age
Dark Age
Ending age
Imperial Age
RankedLock teamsTeams togetherTeam positionsShared explorationLock speedFull tech treeHidden civsTurbo modeCheats
Victory
Defeat
🇬🇧 Varangians · United Kingdom
1362
+15
🇺🇸 Inca · United States
1353
+15
🇹🇷 Franks · Türkiye
1308
+17
🇲🇽 Celts · Mexico
1293
+18
🇧🇷 Poles · Brazil
1349
-17
🇨🇱 Mongols · Chile
1340
-16
🇧🇷 Franks · Brazil
1327
-22
🇦🇷 Malay · Argentina
1325
-16
| ArCas | Toruk Makto
5:08 Loom
9:03 Feudal Age
8:41 Double-Bit Axe
10:06 Horse Collar
11:27 Horse Collar
20:16 Castle Age
18:56 Gold Mining
19:44 Forging
19:40 Scale Barding Armor
23:18 Husbandry
23:41 Scale Barding Armor
24:15 Iron Casting
27:52 Wheelbarrow
27:32 Town Watch
Acrostock
11:04 Feudal Age
15:18 Loom
15:29 Double-Bit Axe
17:52 Castle Age
16:05 Horse Collar
19:21 Wheelbarrow
19:11 Bow Saw
20:47 Heavy Plow
21:20 Gold Mining
23:12 Scale Barding Armor
24:03 Husbandry
26:05 Chain Barding Armor
28:01 Bloodlines
Enner
7:26 Loom
11:50 Feudal Age
12:36 Double-Bit Axe
20:19 Castle Age
20:26 Stone Mining
24:59 Forging
Mionel Lessi
1:14 Loom
12:07 Feudal Age
14:09 Horse Collar
14:17 Double-Bit Axe
16:13 Wheelbarrow
20:16 Castle Age
21:31 Hand Cart
21:01 Town Watch
21:29 Bow Saw
21:25 Heavy Plow
22:51 Stone Mining
22:51 Gold Mining
Marsman3354
8:45 Loom
10:56 Feudal Age
15:42 Castle Age
13:49 Double-Bit Axe
17:25 Bow Saw
21:20 Wheelbarrow
22:34 Gold Mining
23:54 Scale Barding Armor
25:44 Stone Mining
26:42 Forging
27:29 Hand Cart
27:36 Chain Barding Armor
27:48 Husbandry
milesburkley
7:25 Loom
9:10 Feudal Age
10:15 Double-Bit Axe
13:23 Forging
14:19 Horse Collar
16:34 Wheelbarrow
19:59 Castle Age
20:56 Bow Saw
21:34 Hand Cart
23:39 Scale Barding Armor
23:45 Heavy Plow
25:05 Gold Mining
25:08 Stone Mining
dl_king
8:04 Loom
10:26 Feudal Age
10:45 Man-at-Arms
11:29 Double-Bit Axe
12:24 Forging
15:44 Horse Collar
21:41 Castle Age
20:16 Forging
20:36 Stone Mining
20:41 Gold Mining
21:39 Wheelbarrow
21:10 Scale Mail Armor
22:25 Wheelbarrow
23:32 Bow Saw
23:25 Heavy Plow
24:13 Hand Cart
23:56 Town Watch
29:11 Iron Casting
28:51 Chain Mail Armor
Vic
2:56 Loom
11:15 Feudal Age
19:35 Castle Age
18:12 Double-Bit Axe
19:28 Fletching
19:36 Gold Mining
21:47 Bodkin Arrow
21:36 Crossbowman
23:21 Padded Archer Armor
26:22 Leather Archer Armor
26:55 Horse Collar
Connection lost

Rejoining the realm…

Still unreachable

The connection could not be restored.

Session expired

The server has moved on; the page needs a fresh start.